 Dungeon Crawl Stone Soup version 0.21.0 (webtiles) character file.

571 tidbits the Covert (level 7, -1/30 HPs)
             Began as a Felid Earth Elementalist on Jan 6, 2018.
             Was a Follower of Cheibriados.
             Shot with an arrow by a centaur (3 damage)
             ... on level 4 of the Dungeon.
             The game lasted 00:15:01 (1679 turns).

tidbits the Covert (Felid Earth Elementalist)       Turns: 1679, Time: 00:15:02

Health: -1/30      AC:  2    Str:  9    XL:     7   Next: 12%
Magic:  9/11       EV: 20    Int: 20    God:    Cheibriados [*.....]
Gold:   153        SH:  0    Dex: 19    Spells: 7/10 levels left
                                        Lives:  0   Deaths: 2

rFire    . . .     SeeInvis +     - Unarmed
rCold    . . .     Gourm    .   (shield unavailable)
rNeg     . . .     Faith    .   (armour unavailable)
rPois    .         Spirit   .   (helmet unavailable)
rElec    .         Reflect  .   (cloak unavailable)
rCorr    .         Harm     .   (gloves unavailable)
MR       +....                  (boots unavailable)
Stlth    +++++.....             (no amulet)
HPRegen  0.10/turn              k - ring of see invisible
MPRegen  0.12/turn              a - ring of wizardry

@: slow
A: very small, no armour, no weapons or thrown items, stealth, claws 1, fangs 3,
see invisible, carnivore, speed 1, shaggy fur 2, slow metabolism 1, sharp paws
a: Bend Time, Renounce Religion


You were on level 4 of the Dungeon.
You worshipped Cheibriados.
Cheibriados was aware of your devotion.
You were completely stuffed.

You visited 1 branch of the dungeon, and saw 5 of its levels.

You collected 153 gold pieces.

Inventory:

Missiles
 b - 100 stones
Jewellery
 a - a ring of wizardry (right paw)
   (You took it off an orc on level 4 of the Dungeon)
 k - a ring of see invisible (left paw)
   (You found it on level 3 of the Dungeon)
Wands
 n - a wand of flame (19)
Scrolls
 e - 2 scrolls of identify
 g - 3 scrolls of fear
 i - a scroll of magic mapping {unknown}
 j - a scroll of immolation {unknown}
 m - a scroll of blinking {unknown}
Potions
 f - a potion of brilliance
Books
 d - a book of Geomancy

   Spells                             Type                      Level
   a - Sandblast                      Earth                        1
   b - Passwall                       Transmutation/Earth          2
   c - Stone Arrow                    Conjuration/Earth            3
   d - Petrify                        Transmutation/Earth          4
   e - Lee's Rapid Deconstruction     Earth                        5
Comestibles
 c - 8 rations
 h - a chunk of flesh


   Skills:
 + Level 2.9 Fighting
 + Level 4.5 Dodging
 + Level 8.5 Stealth
 + Level 5.4 Unarmed Combat
 - Level 2.0 Spellcasting
 - Level 1.1 Transmutations
 - Level 2.6 Earth Magic


You had 7 spell levels left.
You knew the following spells:

 Your Spells              Type           Power        Failure   Level  Hunger
a - Sandblast             Erth           ##....       2%          1    #......
p - Passwall              Tmut/Erth      #.........   4%          2    ##.....


Dungeon Overview and Level Annotations

Branches:
Dungeon (5/15)             Temple (0/1) D:4

Altars:
Cheibriados
Elyvilon
Sif Muna

Annotations:
D:4 exclusion: phantom


Innate Abilities, Weirdness & Mutations

You cannot wear armour.
You are incapable of wielding weapons or throwing items.
Your paws allow you to move quietly. (Stealth)
You have sharp claws.
You have razor-sharp teeth.
You have supernaturally acute eyesight. (SInv)
You are carnivorous and can eat meat at any time.
You cover ground quickly.
You are covered in thick fur. (AC +2)
You have a slow metabolism.
Your sharp claws are effective at attacking unaware monsters.


Message History

b - 90 stones
Items here: ) [ †† a dagger; a robe; the elf corpse of Dowan; the felid corpse of tidbits Butcher the felid corpse of tidbits? [(y)es/(c)hoosy/(n)o/(a)ll/(e)dible/(q)uit/?]
You butcher the felid corpse of tidbits.
You butcher the elf corpse of Dowan.
h - 4 chunks of flesh;
h - 6 chunks of flesh (gained 2)
Things that are here:
a dagger; a robe; the felid skeleton of tidbits Eat one of 6 chunks of flesh? (ye/n/q)
You eat one of the 6 chunks of flesh.
This raw flesh tastes great.
Eat one of 5 chunks of flesh? (ye/n/q)
You eat one of the 5 chunks of flesh.
This raw flesh tastes great.
Eat one of 4 chunks of flesh? (ye/n/q)
You eat one of the 4 chunks of flesh.
This raw flesh tastes great.
Eat one of 3 chunks of flesh? (ye/n/q)
You eat one of the 3 chunks of flesh.
This raw flesh tastes great.
Eat one of 2 chunks of flesh? (ye/n/q)
You eat one of the 2 chunks of flesh.
This raw flesh tastes great.
You see here a howler monkey corpse.
Things that are here:
a +1 rapier of freezing; a scale mail
Press: ? - help, . - travel You can't see that place. [the floor.] Reduced exclusion size to a single square.
Removed exclusion.
You are starting to lose your buoyancy.
You float gracefully downwards.
There is an escape hatch in the floor here.
You slide downwards.
The hatch slams shut behind you.
A worker ant comes into view.
Found 3 rations, 9 gold pieces, a robe and 13 stones.
Found a stone staircase leading up.
You pounce on the unaware helpless worker ant!
You mangle the worker ant!!
You kill the worker ant!
Cheibriados appreciates the change of pace.
c - 7 rations (gained 1)
c - 8 rations (gained 1)
You see here 12 poisoned needles.
You see here a robe.
You now have 153 gold pieces (gained 9).
b - 103 stones (gained 13) You're too full to eat anything.
Unknown command.
Found a stone staircase leading up.
Found a leather armour.
Found a bubbling grey potion.
An adder comes into view.
The adder hisses angrily.
There is a stone staircase leading up here.
Casting: Sandblast
Confirm with . or Enter, or press ? or * to list all spells.
Aiming: Sandblast
Press: ? - help, Shift-Dir - straight line, f - adder
Aim: an adder The blast of sand hits the adder.
The adder is severely wounded.
b - 102 stones
Casting: Sandblast
Confirm with . or Enter, or press ? or * to list all spells.
Aiming: Sandblast
Press: ? - help, Shift-Dir - straight line, f/p - adder
Aim: an adder (severely wounded)
The blast of sand hits the adder.
You kill the adder!
Cheibriados thoroughly appreciates the change of pace.
b - 101 stones You climb upwards.
Level annotation: exclusion: phantom
There is a stone staircase leading down here.
Really walk into a travel-excluded area?
A centaur comes into view.
The centaur shouts!
The centaur wields a runed shortbow.
It is covered in frost.
The centaur shoots an arrow.
The arrow hits you! The arrow freezes you.
* * * LOW HITPOINT WARNING * * *
The centaur shoots an arrow.
The arrow hits you.
* * * LOW HITPOINT WARNING * * *
The arrow freezes you.
* * * LOW HITPOINT WARNING * * *
Found a stone staircase leading down.
You see here 2 arrows.
Okay, then.
Okay, then.
As you read the scroll of identify, it crumbles to dust.
g - 3 scrolls of fear
Casting: Sandblast
Confirm with . or Enter, or press ? or * to list all spells.
Aiming: Sandblast
Press: ? - help, Shift-Dir - straight line, f - centaur
Aim: a centaur, wielding a shortbow of freezing The blast of sand hits the centaur.
The centaur is lightly wounded.
b - 100 stones The centaur shoots an arrow.
The arrow hits you.
* * * LOW HITPOINT WARNING * * *
The arrow freezes you.
You die...

#)###.#............
#.#.#
#)##....#.#..###. .
#.#.. #†#......(.....#
#.# #..)<#......#....
.# #..
#.#.........#.#..#.#
#.##...##.#...#....##
#.###..<...#.####..>
..# #####.....#..c.
... .........@#.#.#
#### ####.....(c#.# #
#.....###.############
#>..........<....>....
######################


You could see a centaur.

Vanquished Creatures
  The ghost of Amaterasu the Skirmisher, a novice GrGl (D:4)
  Duvessa (D:4)
  An ogre (D:4)
  Dowan (D:4)
  3 electric eels (D:3)
  A howler monkey (D:4)
  An orc priest (D:4)
  3 orc wizards (D:4)
  Jessica (D:2)
  A worker ant (D:5)
  3 gnolls
  5 adders
  2 worms
  2 dart slugs (D:3)
  A leopard gecko (D:1)
  9 orcs (D:4)
  A giant cockroach (D:3)
  A goblin (D:3)
  12 hobgoblins
  A quokka (D:2)
  5 bats
  2 kobolds
  A quokka skeleton (D:4)
  2 rats
61 creatures vanquished.

Notes
Turn   | Place    | Note
-------+----------+-------------------------------------------
     0 | D:1      | tidbits the Felid Earth Elementalist began the quest for the Orb.
     0 | D:1      | Reached XP level 1. HP: 7/7 MP: 4/4
    55 | D:1      | Reached skill level 3 in Stealth
   171 | D:2      | Reached skill level 1 in Unarmed Combat
   205 | D:2      | Noticed Jessica
   230 | D:2      | Reached XP level 2. HP: 11/11 MP: 4/6
   234 | D:2      | Learned a level 2 spell: Passwall
   581 | D:2      | Killed Jessica
   581 | D:2      | Reached skill level 4 in Stealth
   581 | D:2      | Reached skill level 2 in Unarmed Combat
   581 | D:2      | Reached XP level 3. HP: 10/14 MP: 5/7
   646 | D:3      | Found a deep blue altar of Sif Muna.
   647 | D:3      | Found a white marble altar of Elyvilon.
   664 | D:3      | Found a snail-covered altar of Cheibriados.
   676 | D:3      | Became a worshipper of Cheibriados the Contemplative
   856 | D:2      | Reached XP level 4. HP: 18/18 MP: 4/8
   989 | D:3      | Reached skill level 5 in Stealth
  1024 | D:4      | Noticed an ogre
  1029 | D:4      | Slain by an ogre
  1030 | D:4      | Reached XP level 3. HP: -2/14 MP: 5/7
  1031 | D:4      | Found a staircase to the Ecumenical Temple.
  1092 | D:4      | Noticed Dowan
  1128 | D:4      | Reached skill level 3 in Unarmed Combat
  1139 | D:4      | Reached XP level 4. HP: 17/18 MP: 4/8
  1208 | D:4      | Killed an ogre
  1208 | D:4      | Reached skill level 6 in Stealth
  1208 | D:4      | Reached XP level 5. HP: 21/21 MP: 5/9
  1237 | D:4      | Reached * piety under Cheibriados
  1237 | D:4      | Reached skill level 4 in Unarmed Combat
  1265 | D:4      | Noticed a phantom
  1348 | D:3      | Found a transporter.
  1364 | D:3      | Reached skill level 7 in Stealth
  1364 | D:3      | Gained mutation: You are covered in thick fur. (AC +2) [Felid growth]
  1364 | D:3      | Reached XP level 6. HP: 23/24 MP: 10/10
  1374 | D:3      | Reached skill level 1 in Fighting
  1383 | D:3      | Found a transporter.
  1395 | D:3      | Found a faded altar of an unknown god.
  1428 | D:4      | Noticed Amaterasu's ghost (novice GrGl)
  1430 | D:4      | Noticed Duvessa
  1452 | D:4      | Killed Amaterasu's ghost
  1452 | D:4      | Reached skill level 2 in Fighting
  1452 | D:4      | Reached skill level 3 in Dodging
  1452 | D:4      | Reached skill level 8 in Stealth
  1452 | D:4      | Reached skill level 5 in Unarmed Combat
  1452 | D:4      | Reached XP level 7. HP: 14/30 MP: 11/11
  1461 | D:4      | Mangled by Duvessa
  1462 | D:4      | Reached XP level 6. HP: -6/26 MP: 10/10
  1566 | D:4      | Killed Duvessa
  1566 | D:4      | Reached skill level 4 in Dodging
  1583 | D:4      | Killed Dowan
  1583 | D:4      | Reached XP level 7. HP: 17/30 MP: 1/11
  1641 | D:5      | Entered Level 5 of the Dungeon
  1679 | D:4      | HP: 2/30 [centaur/arrow (6)]
  1679 | D:4      | Shot with an arrow by a centaur

Skill      XL: |  1  2  3  4  5  6 |
---------------+-------------------+-----
Stealth        | 3 4 6 7 8 |  8.5
Unarmed Combat | 1 2 3 4 5 |  5.4
Fighting       | 2 |  2.9
Dodging        | 4 |  4.5
Spellcasting   | |  2.0
Transmutations | |  1.1
Earth Magic    | |  2.6

Action                   |  1- 3 |  4- 6 |  7- 9 || total
-------------------------+-------+-------+-------++-------
Melee: Unarmed           |    15 |    26 |     7 ||    48
       Bite              |     1 |       |       ||     1
 Cast: Sandblast         |    51 |    41 |     4 ||    96
       Passwall          |     2 |       |       ||     2
Evoke: Wand              |       |    15 |     1 ||    16
  Use: Potion            |       |     5 |       ||     5
       Scroll            |       |     1 |     1 ||     2
 Stab: Sleeping          |     6 |     2 |     1 ||     9
       Invisible         |       |     4 |       ||     4
  Eat: Chunk             |     5 |     9 |     5 ||    19
Armor: Skin              |     3 |    12 |       ||    15
Dodge: Dodged            |    21 |    17 |     2 ||    40

Table legend:
 A = Turns spent in this place as a percentage of turns spent in the entire game.
 B = Non-inter-level travel turns spent in this place as a percentage of non-inter-level travel turns spent in the entire game.
 C = Inter-level travel turns spent in this place as a percentage of turns spent in this place.
 D = Turns resting spent in this place as a percentage of non-inter-level travel turns spent in this place.
 E = Turns spent auto-exploring this place as a percentage of non-inter-level travel turns spent in this place.
 F = Non-inter-level travel turns spent in this place divided by the number of levels of this place that you've seen.
                   A       B       C       D       E      F
               +-------+-------+-------+-------+-------+----------------------
         Total | 100.0 | 100.0 |   3.3 |   0.0 |   0.0 | 324.6
       Dungeon | 100.0 | 100.0 |   3.3 |   0.0 |   0.0 | 324.6
               +-------+-------+-------+-------+-------+----------------------

Table legend:
 A = Kills in this place as a percentage of kills in entire the game.
 B = Kills by you in this place as a percentage of kills by you in the entire game.
 C = Kills by friends in this place as a percentage of kills by friends in the entire game.
 D = Other kills in this place as a percentage of other kills in the entire game.
 E = Experience gained in this place as a percentage of experience gained in the entire game.
 F = Experience gained in this place divided by the number of levels of this place that you have seen.
                   A       B       C       D       E      F
               +-------+-------+-------+-------+-------+----------------------
         Total | 100.0 | 100.0 |   N/A |   N/A | 100.0 | 271.8
       Dungeon | 100.0 | 100.0 |   N/A |   N/A | 100.0 | 271.8
               +-------+-------+-------+-------+-------+----------------------

Vault maps used:
D:1:      dpeg_arrival_pits, minmay_lizard_king
D:2:      serial_aquarium, aquarium_bridge_straight, aquarium_window_fake,
          aquarium_window_corridor_3, aquarium_view_2c, aquarium_view_2c,
          aquarium_balcony_1b, nemelex_xobeh_ov_fountains_minmay, uniq_jessica
D:3:      gammafunk_steamed_eel, cheibriados_altar_1, minitemple,
          chequers_ecumenical_altar_simple_redux, minivault_19, uniq_sigmund
D:4:      temple_statues, uniq_duvessa
D:5:      kennysheep_mini_moat, okawaru_metal_pillars_1_2, lemuel_doored_altar,
          first_ration, lightli_corner_chamber
